 Dungeon Crawl Stone Soup version 0.26-a0-812-g31a745ddcd (webtiles) character file.

Game seed: 11101939148301863155

59 nicanaca0 the Caller (level 4, -3/33 HPs)
             Began as a Barachi Summoner on Nov 23, 2020.
             Slain by a hobgoblin
             ... wielding a +0 club
              (4 damage)
             ... on level 2 of the Dungeon.
             The game lasted 00:05:33 (2591 turns).

nicanaca0 the Caller (Barachi Summoner)             Turns: 2591, Time: 00:05:33

Health: -3/33      AC:  5    Str: 10    XL:     4   Next: 3%
Magic:  1/8        EV: 12    Int: 16    God:
Gold:   57         SH:  0    Dex: 12    Spells: 1/8 levels left

rFire    . . .     SeeInvis .   l - +0 hunting sling
rCold    . . .     Faith    .   (no shield)
rNeg     . . .     Spirit   .   a - +0 robe
rPois    .         Reflect  .   q - +2 hat
rElec    .         Harm     .   r - scarf {+Inv}
rCorr    .         Rampage  .   o - +0 pair of gloves
MR       .....                  (no boots)
Stlth    ++........             (no amulet)
HPRegen  0.11/turn              (no ring)
MPRegen  0.11/turn              (no ring)

@: very slightly contaminated, invisible, slow
A: +LOS, swims, slowness 1, strong legs 1
a: Hop


You were on level 2 of the Dungeon.
You visited 1 branch of the dungeon, and saw 2 of its levels.

You collected 57 gold pieces.

Inventory:

Hand Weapons
 d - a +0 dagger
 l - a +0 hunting sling (weapon)
 u - a -3 spear
Missiles
 b - 18 poisoned darts
 g - 131 stones
 j - 17 sling bullets (quivered)
Armour
 a - a +0 robe (worn)
 o - a +0 pair of gloves (worn)
 q - a +2 hat (worn)
 r - a scarf of invisibility (worn)
Jewellery
 k - an uncursed ring of ice
 m - an uncursed ring of teleportation
Scrolls
 c - 6 scrolls of identify {@r1}
 e - a scroll of fear {unknown}
 f - 2 scrolls of remove curse {@r2}
 h - a scroll of amnesia {unknown}
 i - a scroll of enchant armour {unknown}
 p - a scroll of fog {unknown}
 t - a scroll of enchant weapon {unknown}
 w - a scroll of teleportation {unknown}
Potions
 n - 2 potions of attraction
 s - a potion of invisibility {unknown}
 v - a potion of cancellation {unknown}
 x - a potion of heal wounds {unknown}


   Skills:
 + Level 1.8 Fighting
 - Level 2.1 Dodging
 - Level 1.7 Stealth
 + Level 2.7 Spellcasting
 * Level 5.9 Summonings
 + Level 0.0 Ice Magic


You had one spell level left.
You knew the following spells:

 Your Spells              Type           Power        Failure   Level
a - Summon Small Mammal   Summ           ###.         1%          1
b - Call Imp              Summ           ###.....     2%          2
c - Summon Ice Beast      Ice/Summ       ##......     50%         4

Your spell library contained the following spells:

 Spells                   Type           Power        Failure   Level
 Call Canine Familiar     Summ           ###.....     4%          3
 Summon Guardian Golem    Hex/Summ       ##......     17%         3
 Summon Lightning Spire   Summ/Air       ##......     50%         4


Dungeon Overview and Level Annotations

Branches:
Dungeon (2/15)

Altars:
Ashenzari
Cheibriados
Dithmenos
Nemelex Xobeh
Uskayaw

Annotations:
D:2 1 transporter


Innate Abilities, Weirdness & Mutations

You can be seen from farther away. (+LOS)
You can swim through water.
You cover ground slowly.
You can hop short distances.


Message History

Confirm with . or Enter, or press ? or * to list all spells.
A beastly little devil appears in a puff of frigid air.
The bat skeleton barely misses you. The orc warrior closely misses you.
The bat skeleton barely misses you. x2; The bat skeleton closely misses you.
The hobgoblin barely misses you. The orc warrior closely misses you.
The bat skeleton barely misses you. x2
Your white imp barely misses the hobgoblin.
Casting: Call Imp (safe; 2% risk of failure)
Confirm with . or Enter, or press ? or * to list all spells.
A beastly little devil appears in a puff of flame.
The bat skeleton barely misses your white imp.
The bat skeleton hits your white imp.
Your white imp barely misses the hobgoblin.
Your crimson imp barely misses the hobgoblin.
The bat skeleton hits your white imp but does no damage. x2
The orc warrior hits you with a +0 halberd!
* * * LOW HITPOINT WARNING * * *
The bat skeleton hits your white imp but does no damage.
The hobgoblin hits you with a +0 club.
You die...

##...##.......# #.#
#####.............###.#
##.....©...............#
#..#########.....##8).8#
#.##8$._.$8##...>#.....#
#.#..)?$[(..#....###..##
#.#.#.....#.#.####_....#
#.#..#...#..#.######..##
#.#©...@....#....#8...._
#.#..#5go#..#....###..##
#.#.#55Z..#.#....#......
#.#.........#....###..##
#.##8.....8##.>..##....⌠
#..#########.....##8.._#
##.....©......)..#######
#####...####...........
##.#####...........


You could see an orc warrior, a hobgoblin, a bat skeleton, 2 friendly crimson
imps and a friendly white imp (summoned).

Vanquished Creatures
  A dart slug (D:1)
  A bat (D:2)
  2 hobgoblins (D:1)
  2 kobolds
  4 rats
10 creatures vanquished.

Vanquished Creatures (collateral kills)
  Jessica (D:2)
  2 adders (D:2)
  2 worms (D:2)
  A dart slug (D:1)
  A leopard gecko (D:1)
  4 bats
  5 hobgoblins
  3 jackals (D:2)
  4 kobolds
  A ball python (D:1)
  4 frilled lizards (D:1)
  4 goblins
  4 rats
36 creatures vanquished.

Grand Total: 46 creatures vanquished

Notes
Turn   | Place    | Note
-------+----------+-------------------------------------------
     0 | D:1      | nicanaca0 the Barachi Summoner began the quest for the Orb.
     0 | D:1      | Reached XP level 1. HP: 13/13 MP: 3/3
   167 | D:1      | Reached skill level 5 in Summonings
   232 | D:1      | Reached XP level 2. HP: 20/20 MP: 0/5
   299 | D:1      | Learned a level 2 spell: Call Imp
   383 | D:1      | Reached skill level 1 in Fighting
  1288 | D:2      | Reached XP level 3. HP: 22/26 MP: 1/6
  1382 | D:2      | Found a sparkling altar of Nemelex Xobeh.
  1382 | D:2      | Noticed an orc warrior
  1485 | D:2      | Found a snail-covered altar of Cheibriados.
  1486 | D:2      | Found a broken altar of Ashenzari.
  1489 | D:2      | Found a hide-covered altar of Uskayaw.
  1554 | D:2      | Found a transporter.
  1561 | D:2      | Found a transporter.
  1828 | D:2      | Found a faded altar of an unknown god.
  1987 | D:2      | Noticed Jessica
  2004 | D:2      | Killed Jessica
  2359 | D:2      | Reached XP level 4. HP: 28/33 MP: 3/8
  2365 | D:2      | Learned a level 4 spell: Summon Ice Beast
  2468 | D:2      | Found a shadowy altar of Dithmenos.
  2591 | D:2      | HP: 1/33 [orc warrior/+0 halberd (8)]
  2591 | D:2      | Slain by a hobgoblin

Illustrated notes

Levels and vault maps discovered:
D:1:      onia_arrival_pyramid, layout_basic, minmay_pentomino_t2
D:2:      layout_rooms, nicolae_dithmenos_through_a_glass_darkly,
          gammafunk_temple_overflow_arena, minitemple,
          chequers_ecumenical_altar_island, uniq_jessica

Skill      XL: |  1  2 |
---------------+-------+-----
Summonings     | 5 |  5.9
Fighting       | 1 |  1.8
Dodging        | |  2.1
Stealth        | |  1.7
Spellcasting   | |  2.7

Action                   |  1- 3 |  4- 6 || total
-------------------------+-------+-------++-------
Melee: Dagger            |    64 |       ||    64
 Cast: Summon Small Mamm |    51 |       ||    51
       Call Imp          |    25 |     3 ||    28
 Abil: Evoke Invisibilit |       |     2 ||     2
  Use: Scroll            |     2 |     1 ||     3
 Stab: Distracted        |     1 |       ||     1
Armor: Robe              |    29 |       ||    29
Dodge: Dodged            |   101 |    18 ||   119

Table legend: (Time is in decaauts)
 A = Elapsed time spent in this place.
 B = Non-inter-level travel time spent in this place.
 C = Inter-level travel time spent in this place.
 D = Time resting spent in this place.
 E = Time spent auto-exploring this place.
 F = Levels seen in this place.
 G = Mean time per level.
                   A        B        C        D        E       F      G
               +--------+--------+--------+--------+--------+-----+--------+
         Total |   2781 |   2776 |      5 |    338 |   1785 |   2 | 1390.5 |
       Dungeon |   2781 |   2776 |      5 |    338 |   1785 |   2 | 1390.5 |
               +--------+--------+--------+--------+--------+-----+--------+

Top non-repeatable levels by time:
     D:2: 1430 daAuts
     D:1: 1351 daAuts
